 Dungeon Crawl Stone Soup version 0.20.0-4-g10b340a (webtiles) character file.

349 Gataroth the Magician (level 6, -6/28 HPs)
             Began as a Spriggan Venom Mage on May 27, 2017.
             Splashed by a jelly's acid (8 damage)
             ... on level 5 of the Dungeon.
             The game lasted 00:20:49 (4541 turns).

Gataroth the Magician (Spriggan Venom Mage)         Turns: 4541, Time: 00:20:50

Health: -6/28      AC: -1    Str:  4    XL:     6   Next: 33%
Magic:  11/15      EV: 19    Int: 19    God:
Gold:   112        SH:  0    Dex: 16    Spells: 11/15 levels left

rFire    . . .     SeeInvis +   t - +4 dagger
rCold    . . .     Gourm    .   (shield restricted)
rNeg     . . .     Faith    .   q - +0 robe
rPois    .         Spirit   .   r - +0 hat
rElec    .         Reflect  .   d - +0 cloak
rCorr    .         Harm     .   (gloves unavailable)
MR       +....                  (boots unavailable)
Stlth    +++.......             (no amulet)
Regen    0.1/turn               (no ring)
MPRegen  0.2/turn               (no ring)

@: marked, corroded, very quick
A: unfitting armour, see invisible, herbivore 3, speed 3, slow metabolism 2
a: no special abilities


You were on level 5 of the Dungeon.
You were not hungry.

You visited 1 branch of the dungeon, and saw 5 of its levels.

You collected 112 gold pieces.

Inventory:

Hand Weapons
 e - a +0 dagger
 n - a +1 dagger of venom
 t - a +4 dagger (weapon)
Missiles
 g - 87 stones (quivered)
Armour
 a - a +0 robe
 d - a +0 cloak (worn)
 i - a +0 pair of boots
 q - a +0 robe (worn)
 r - a +0 hat (worn)
Jewellery
 s - a +2 amulet of reflection {unknown}
Wands
 u - a wand of clouds (3/9)
Scrolls
 f - 3 scrolls of identify {unknown}
 l - a scroll of enchant weapon {unknown}
 m - 4 scrolls of remove curse {unknown}
 o - 3 scrolls of teleportation {unknown}
 v - a scroll of enchant armour {unknown}
Potions
 h - 2 potions of curing {unknown}
 j - a potion of ambrosia {unknown}
 k - a potion of resistance {unknown}
Books
 b - a Young Poisoner's Handbook

   Spells                             Type                      Level
   a - Sting                          Conjuration/Poison           1
   b - Poisonous Vapours              Poison/Air                   2
   c - Mephitic Cloud                 Conjuration/Poison/Air       3
   d - Olgreb's Toxic Radiance        Poison                       4
   e - Venom Bolt                     Conjuration/Poison           5
Comestibles
 c - a bread ration
 p - a royal jelly


   Skills:
 + Level 1.0 Short Blades
 + Level 3.5 Dodging
 + Level 4.6 Stealth
 * Level 5.4 Spellcasting
 + Level 1.7 Conjurations
 + Level 0.3 Air Magic
 + Level 4.4 Poison Magic


You had 11 spell levels left.
You knew the following spells:

 Your Spells              Type           Power        Failure   Level  Hunger
a - Sting                 Conj/Pois      ###.         3%          1    None
q - Mephitic Cloud        Conj/Pois/Air  ##......     14%         3    ##.....


Dungeon Overview and Level Annotations

Branches:
Dungeon (5/15)
 Temple: D:4-7

Altars:

Annotations:
D:3 hittemv20vhard's ghost, amateur MiSk


Innate Abilities, Weirdness & Mutations

You are very small and have problems with some larger weapons.
You are too small for most types of armour.
You have supernaturally acute eyesight. (SInv)
You are a herbivore.
You cover ground extremely quickly.
You need consume almost no food.


Message History

You barely miss the quokka.
The quokka is severely wounded.
The jelly closely misses you. The quokka closely misses you.
A slave comes into view.
You hit the quokka.
You kill the quokka!
The jelly misses you.
A leopard gecko comes into view.
You hit the slave.
The slave is lightly wounded.
The jelly hits you. The acid corrodes you!
You are splashed with acid!
The acid burns!
* * * LOW HITPOINT WARNING * * *
The slave completely misses you.
You hit the slave but do no damage.
The slave is lightly wounded.
The jelly hits you.
* * * LOW HITPOINT WARNING * * *
You are splashed with acid!
The acid burns!
You die...

###.# #######......
#...J@pl....#
#.########### #.# #.#
#.# #J# #!##########
#...J......####
########......#####.##


You could see a slave, a jelly and a leopard gecko.

Vanquished Creatures
  A scorpion (D:2)
  An orc wizard (D:3)
  Ijyb (D:3)
  2 iguanas (D:4)
  7 adders
  3 gnolls (D:3)
  2 oozes
  2 worms
  5 leopard geckos
  4 orcs (D:3)
  2 ball pythons (D:2)
  5 giant cockroaches
  10 goblins
  6 hobgoblins
  3 jackals (D:2)
  11 kobolds
  4 quokkas
  3 frilled lizards
  A jackal zombie (D:3)
  2 leopard gecko skeletons
  9 rats
84 creatures vanquished.

Notes
Turn   | Place    | Note
-------+----------+-------------------------------------------
     0 | D:1      | Gataroth the Spriggan Venom Mage began the quest for the Orb.
     0 | D:1      | Reached XP level 1. HP: 9/9 MP: 5/5
   180 | D:1      | Reached skill level 3 in Spellcasting
   276 | D:1      | Reached XP level 2. HP: 13/13 MP: 5/7
   785 | D:2      | Reached XP level 3. HP: 7/16 MP: 5/8
   815 | D:2      | Learned a level 3 spell: Mephitic Cloud
  1873 | D:3      | Reached XP level 4. HP: 21/21 MP: 10/10
  2002 | D:2      | Reached skill level 4 in Spellcasting
  2002 | D:2      | Reached skill level 1 in Conjurations
  2100 | D:3      | Noticed hittemv20vhard's ghost (amateur MiSk)
  2423 | D:2      | Reached XP level 5. HP: 24/24 MP: 12/12
  3200 | D:3      | Noticed Ijyb
  3443 | D:3      | Killed Ijyb
  3443 | D:3      | Reached skill level 1 in Short Blades
  3978 | D:3      | Reached XP level 6. HP: 28/28 MP: 14/14
  4029 | D:3      | Reached skill level 5 in Spellcasting
  4500 | D:5      | Entered Level 5 of the Dungeon
  4539 | D:5      | Noticed a slave
  4541 | D:5      | Splashed by a jelly's acid

Skill      XL: |  1  2  3  4  5  6 |
---------------+-------------------+-----
Spellcasting   | 3 4 5 |  5.4
Stealth        | 4 |  4.6
Conjurations   | 1 |  1.7
Poison Magic   | 4 |  4.4
Short Blades   | 1 |  1.0
Dodging        | |  3.5
Air Magic      | |  0.3

Action                   |  1- 3 |  4- 6 || total
-------------------------+-------+-------++-------
Melee: Dagger            |    49 |    89 ||   138
Throw: Stone             |       |     5 ||     5
 Cast: Sting             |    52 |   106 ||   158
       Mephitic Cloud    |       |     6 ||     6
 Stab: Sleeping          |     5 |     5 ||    10
  Eat: Royal jelly       |       |     1 ||     1
Armor: Robe              |     4 |     6 ||    10
Dodge: Dodged            |    53 |    77 ||   130
